Map: Catalyst LE

Players

Lambo - Winner!

  • Race: Zerg Zerg
  • Spawn Location: 5:00

Warren

  • Race: Zerg Zerg
  • Spawn Location: 11:00

Event: WCS Austin 2018

VOD

Have the link to the VOD?

Description

Time

  • Played on: June 1, 2018, 1:28 p.m.
  • Length: 6:04

All games in this series

Show
View Real Time Build Order
Export as new Build Order

Lambo Zerg - Winner!

Build Orders: Hatch First 

Get SALT Encoding   

  12  0:00  Drone  
  13  0:13  Overlord  
  13  0:17  Drone  
  14  0:31  Drone x2  
  16  0:47  Hatchery  
  15  0:51  Drone  
  15  0:55  Drone  
  17  1:02  Drone  
  18  1:09  Extractor  
  17  1:14  Spawning Pool  
  17  1:17  Drone  
  17  1:21  Drone  
  18  1:28  Drone  
  19  1:40  Drone  
  20  2:00  Queen x2  
  20  2:01  Zergling x6  
  27  2:11  Metabolic Boost  
  27  2:12  Zergling x2  
  27  2:15  Zergling x2  
  28  2:24  Spine Crawler  
  28  2:27  Zergling x2  
  27  2:31  Zergling x2  
  27  2:33  Zergling x4  
  26  2:42  Queen  
  28  2:45  Overlord  
  28  3:03  Queen  
  27  3:05  Drone x3  
  29  3:13  Zergling x4  
  29  3:17  Zergling x2  
  30  3:21  Zergling x2  
  30  3:22  Zergling x2  
  32  3:27  Overlord  
  32  3:39  Drone x3  
  35  3:43  Overlord  
  35  3:44  Drone  
  35  3:47  Drone  
  37  3:53  Drone x2  
  39  3:56  Drone  
  39  3:57  Drone  
  39  4:01  Drone  
  42  4:04  Drone  
  42  4:09  Drone, Extractor  
  42  4:11  Drone  
  42  4:12  Drone  
  44  4:21  Evolution Chamber  
  43  4:24  Roach Warren  
  43  4:25  Zergling x4  
  43  4:29  Drone x2  
  46  4:33  Evolution Chamber  
  46  4:38  Drone  
  45  4:46  Queen  
  47  4:54  Queen  
  47  4:55  Overlord  
  49  5:05  Overlord  
  49  5:17  Roach x5  
  58  5:26  Roach x3  
  64  5:33  Roach x2  
  64  5:40  Roach  
  64  5:41  Roach  
  68  5:44  Overlord x2  
Show
View Real Time Build Order
Export as new Build Order

Warren Zerg 

Build Orders: 1 Base Baneling Bust, Pool First 

Get SALT Encoding   

  12  0:01  Drone  
  13  0:10  Extractor  
  12  0:25  Spawning Pool  
  11  0:28  Drone  
  11  0:33  Drone  
  13  0:39  Drone  
  14  0:51  Overlord  
  14  1:11  Metabolic Boost  
  14  1:12  Zergling x4  
  14  1:15  Zergling x2  
  17  1:24  Zergling x2  
  18  1:34  Zergling x2  
  18  1:39  Baneling Nest  
  18  1:44  Zergling x2  
  19  1:55  Zergling x2  
  20  2:08  Zergling x2  
  21  2:17  Hatchery  
  20  2:23  Zergling x2  
  20  2:29  Baneling x2  
  19  2:38  Zergling x4  
  19  2:43  Baneling x2  
  20  2:57  Queen  
  20  3:05  Drone x2  
  20  3:22  Drone  
  20  3:23  Overlord  
  21  3:31  Evolution Chamber  
  20  3:40  Drone x2  
  22  3:46  Drone x2  
  26  3:55  Drone x2  
  26  3:58  Zerg Missile Weapons Level 1  
  26  4:05  Drone x2  
  28  4:11  Drone x2  
  30  4:19  Queen  
  32  4:25  Overlord  
  32  4:35  Overlord, Drone  
  33  4:43  Drone x3  
  36  4:51  Roach Warren  
  35  5:10  Overlord  
  33  5:34  Roach  
  33  5:35  Roach x8  
  49  5:40  Zergling x2  
  49  5:41  Zergling x6  
  53  5:47  Zergling x2  
Tags
 
Add a new tag
Caveats
  • Supply blocks, unpowered buildings, or Contaminate may cause inaccurate times.
  • Supply counts are checked every 10 seconds.